 Dungeon Crawl Stone Soup version 0.30.0-3-ga4e48a9924 (webtiles) character file.

Game seed: 17874268296459922004

972 hawla the Firebug (level 8, -1/58 HPs)
             Began as a Meteoran Fire Elementalist on May 7, 2023.
             Was an Initiate of Vehumet.
             Slain by a water moccasin (3 damage)
             ... on level 6 of the Dungeon.
             The game lasted 00:05:58 (1295 turns).

hawla the Firebug (Meteoran Fire Elementalist)      Turns: 1295, Time: 00:05:59

Health: -1/58      AC:  2    Str:  8 (9)  XL:     8   Next: 66%
Magic:  1/19       EV: 13    Int: 17 (18) God:    Vehumet [......]
Gold:   86         SH:  0    Dex: 13 (16) Spells: 13/20 levels left

rFire   + . .        (no weapon)
rCold   + . .        (no shield)
rNeg    . . .        a - +0 robe
rPois   +            (no helmet)
rElec   +            (no cloak)
rCorr   +            (no gloves)
SInv    .            (no boots)
Will    +....        (no amulet)
Stlth   +            (no ring)
HPRegen 0.29/turn    (no ring)
MPRegen 0.16/turn

%: no passive effects
@: mighty, brilliant, resistant, hasted, glowing, very quick
A: sense surroundings 1, otherworldly, glowing, explore regen
a: Renounce Religion


You were on level 6 of the Dungeon.
You worshipped Vehumet.
Vehumet was noncommittal.
You visited 2 branches of the dungeon, and saw 7 of its levels.

You collected 86 gold pieces.

Inventory:

Armour
 a - a +0 robe (worn)
Jewellery
 m - a ring of poison resistance
Scrolls
 g - a scroll of noise {unknown}
 i - 2 scrolls of immolation {unknown}
 j - 2 scrolls of identify {unknown}
 k - a scroll of magic mapping {unknown}
Potions
 b - a potion of magic


   Skills:
 + Level 0.4 Fighting
 + Level 3.5 Dodging
 - Level 1.4 Stealth
 + Level 6.6 Spellcasting
 + Level 5.9 Conjurations
 + Level 7.2 Fire Magic


You had 13 spell levels left.
You knew the following spells:

 Your Spells              Type           Power      Damage    Failure   Level
a - Foxfire               Conj/Fire      100%       2x1d9     1%          1
b - Scorch                Fire           90%        2d9       1%          2
c - Flame Wave            Conj/Fire      42%        2d11      8%          4

Your spell library contained the following spells:

 Spells                   Type           Power      Damage    Failure   Level
 Inner Flame              Hex/Fire       27%        N/A       9%          3
 Volatile Blastmotes      Fire/Tloc      54%        2d14      9%          3
 Stone Arrow              Conj/Erth      46%        3d9       11%         3
 Animate Armour           Summ/Erth      16%        N/A       75%         4
 Lehudib's Crystal Spear  Conj/Erth      11%        10d4      100%        8


Dungeon Overview and Level Annotations

Branches:
Dungeon (6/15) Zot: 2461   Temple (1/1) D:5 Zot: 437

Altars:
Ashenzari
Dithmenos
Fedhas
Hepliaklqana
Kikubaaqudgha
Makhleb
Nemelex Xobeh
Qazlal
Ru
Trog
Uskayaw
Vehumet
Xom
Yredelemnul
Zin
The Shining One

Shops:
D:2 (


Innate Abilities, Weirdness & Mutations

You passively map a small area around you.
You are easily found by Zot.
You glow in the dark.
You regain HP and MP as you explore.


Message History

Vehumet accepts your kill.
You finish channelling waves of flame.
You hear a shout!
The bullfrog hits you.
* * * LOW HITPOINT WARNING * * *
A water moccasin comes into view.
The bullfrog completely misses you.
Your Fire Magic skill increases to level 7!
Casting: Flame Wave (dangerous; 8% risk of failure)
Confirm with . or Enter, or press ? or * to list all spells.
You conjure some foxfire!
The bullfrog hits you.
* * * LOW HITPOINT WARNING * * *
The bullfrog barely misses you. The bullfrog hits you.
* * * LOW HITPOINT WARNING * * *
You feel yourself speed up.
The foxfire hits the bullfrog.
The bullfrog is almost dead.
The foxfire hits the bullfrog.
You kill the bullfrog!
Vehumet accepts your kill.
It was a potion of degeneration.
There was something very wrong with that liquid.
You feel weakened.
You feel dopey.
You feel clumsy.
It was a potion of resistance.
You feel protected. The water moccasin misses you.
The water moccasin barely misses you.
It was a potion of haste.
You feel yourself speed up.
The water moccasin bites you but does no damage.
It was a potion of might.
You feel very mighty all of a sudden. The water moccasin bites you.
* * * LOW HITPOINT WARNING * * *
It was a potion of brilliance.
You feel clever all of a sudden. The water moccasin closely misses you.
Casting: Foxfire (safe; 1% risk of failure)
Confirm with . or Enter, or press ? or * to list all spells.
You feel a surge of power!
You conjure some foxfire!
The water moccasin bites you.
You die...

* #......# #.## #......#
#.# ,,*, #......# #.## ,
* #..?...# * ##†# #
#......# #.## , ,,
##.#......####. ##.# ###
.......).......,,#.###.#
** , #.v...# #.#.##.#. *
*#.)@..####...##.#.## ,
* #.S.v.........##.###
#............. ###*
..............[. '
.....###........# ,
,....$. #........#
......* #........# *
......* #........# ,* *
,, ########.# ,,


You could see a water moccasin (ally target).

Vanquished Creatures
  Eustachio (D:4)
  A centaur (D:6)
  An ogre (D:4)
  A kobold brigand (D:6)
  A bullfrog (D:6)
  4 scorpions
  A hound (D:4)
  A jelly (D:4)
  An iguana (D:5)
  6 river rats (D:6)
  8 adders
  A shadow imp (D:5)
  3 white imps
  An ufetubus (D:5)
  2 dart slugs (D:4)
  15 orcs
  An endoplasm (D:4)
  4 giant cockroaches
  2 hobgoblins
  4 kobolds
  A quokka (D:4)
  A rat (D:1)
61 creatures vanquished.

Vanquished Creatures (others)
  122 foxfires
122 creatures vanquished.

Grand Total: 183 creatures vanquished

Notes
Turn   | Place    | Note
-------+----------+-------------------------------------------
     0 | D:1      | hawla the Meteoran Fire Elementalist began the quest for
                  | the Orb.
     0 | D:1      | Reached XP level 1. HP: 14/14 MP: 5/5
    89 | D:2      | Found Doupario's Antique Weapon Boutique.
   114 | D:2      | Reached skill level 4 in Fire Magic
   114 | D:2      | Reached XP level 2. HP: 20/20 MP: 1/7
   117 | D:2      | Learned a level 2 spell: Scorch
   159 | D:3      | Reached XP level 3. HP: 26/26 MP: 5/8
   215 | D:4      | Reached XP level 4. HP: 23/33 MP: 3/10
   236 | D:4      | Noticed a scorpion
   247 | D:4      | Learned a level 4 spell: Flame Wave
   248 | D:4      | Noticed an ogre
   249 | D:4      | Killed a scorpion
   250 | D:4      | Reached skill level 5 in Fire Magic
   250 | D:4      | Reached XP level 5. HP: 35/38 MP: 2/11
   263 | D:5      | Entered Level 5 of the Dungeon
   279 | D:5      | Reached XP level 6. HP: 9/45 MP: 2/13
   397 | D:4      | Killed an ogre
   498 | D:4      | Noticed Eustachio
   505 | D:4      | Killed Eustachio
   506 | D:4      | Reached skill level 5 in Conjurations
   506 | D:4      | Reached XP level 7. HP: 50/50 MP: 4/15
   590 | D:4      | Reached skill level 5 in Spellcasting
   598 | D:4      | Reached skill level 6 in Fire Magic
   873 | D:5      | Reached XP level 8. HP: 57/57 MP: 1/17
   938 | D:5      | Found a staircase to the Ecumenical Temple.
   954 | Temple   | Entered the Ecumenical Temple
  1098 | Temple   | Became a worshipper of Vehumet
  1288 | D:6      | Reached skill level 7 in Fire Magic
  1293 | D:6      | HP: 2/58 [water moccasin (5)]
  1295 | D:6      | Slain by a water moccasin

Illustrated notes

Levels and vault maps discovered:
D:1:      scummos_arrival_forest, layout_basic, kennysheep_doodads
D:2:      layout_basic, serial_shops, shop, nicolae_shop_window_shopping,
          dreamdust_mushroom_princess, minmay_quadrilaterals, uniq_terence,
          uniq_jessica
D:3:      layout_basic, mainiacjoe_overflow_paths, nicolae_elevator_lobby_plus
D:4:      layout_loops_ring, chequers_serial_rivers_small_a, uniq_eustachio
D:5:      layout_cave_pools, minmay_temple_entry_slanted
D:6:      wander_guarded_unrand_ratskin, layout_basic,
          mainiacjoe_overflow_cross_hatched, nicolae_shop_i_like_big_books,
          minmay_misc_feat_hallway, uniq_blork_the_orc
Temple:   nicolae_temple_elliptical

Skill      XL: |  1  2  3  4  5  6  7  8 |
---------------+-------------------------+-----
Spellcasting   | 3 4 5 6 |  6.6
Fire Magic     | 4 5 6 7 |  7.2
Dodging        | 3 |  3.5
Conjurations   | 2 5 |  5.9
Fighting       | |  0.4
Stealth        | |  1.4

Action                     |  1- 3 |  4- 6 |  7- 9 || total
---------------------------+-------+-------+-------++-------
  Melee: Unarmed           |     2 |     2 |     6 ||    10
   Cast: Foxfire           |    13 |    27 |    37 ||    77
         Scorch            |     1 |    18 |    24 ||    43
         Flame Wave        |       |       |     3 ||     3
    Use: Scroll            |       |     1 |     1 ||     2
         Potion            |       |       |     5 ||     5
 Armour: Robe              |       |     6 |     5 ||    11
  Dodge: Dodged            |     4 |    21 |    23 ||    48
